 Dungeon Crawl Stone Soup version 0.24-a0-434-gd57e52fea8 (console) character file.

Game seed: 11386868924487913737

1139 Acrod the Covert (level 8, 13/36 HPs)
             Began as a Spriggan Enchanter on June 8, 2019.
             Was an Initiate of Kikubaaqudgha.
             Quit the game on level 6 of the Dungeon on June 15, 2019.
             The game lasted 00:30:10 (8935 turns).

Acrod the Covert (Spriggan Enchanter)               Turns: 8935, Time: 00:30:11

Health: 13/36      AC:  3    Str:  6 (9)  XL:     8   Next: 14%
Magic:  15/15      EV: 18    Int: 19 (22) God:    Kikubaaqudgha [......]
Gold:   289        SH:  0    Dex: 17 (18) Spells: 6/15 levels left

rFire    . . .     SeeInvis +   a - +1 dagger
rCold    . . .     Gourm    .   (shield restricted)
rNeg     . . .     Faith    .   b - +1 robe
rPois    +         Spirit   .   (helmet restricted)
rElec    .         Reflect  .   (no cloak)
rCorr    .         Harm     .   (gloves unavailable)
MR       +....                  (boots unavailable)
Stlth    ++++......             (no amulet)
HPRegen  0.12/turn              (no ring)
MPRegen  0.14/turn              (no ring)

@: mighty, brilliant, very quick
A: very small, unfitting armour, see invisible, herbivore, speed 3, mutation
resistance 1, poison resistance, slow metabolism 2
a: Renounce Religion


You were on level 6 of the Dungeon.
You worshipped Kikubaaqudgha.
Kikubaaqudgha was noncommittal.
You were very hungry.

You visited 2 branches of the dungeon, and saw 7 of its levels.

You collected 289 gold pieces.


Innate Abilities, Weirdness & Mutations

You are very small and have problems with some larger weapons.
You are too small for most types of armour.
You have supernaturally acute eyesight. (SInv)
You are a herbivore.
You cover ground extremely quickly.
You need to consume almost no food.
You are somewhat resistant to further mutation.
Your system is resistant to poisons. (rPois)


   Skills:
 - Level 6.3 Short Blades
 - Level 3.0 Dodging
 - Level 8.0 Stealth
 - Level 4.1 Spellcasting
 * Level 7.9 Hexes


You had 6 spell levels left.
You knew the following spells:

 Your Spells              Type           Power        Failure   Level  Hunger
a - Corona                Hex            #####..      1%          1    None
b - Ensorcelled Hibernat  Hex/Ice        ####..       1%          2    ##.....
c - Confuse               Hex            #####...     1%          3    ###....
d - Tukima's Dance        Hex            #####...     1%          3    ###....

Your spell library contained the following spells:

 Spells                   Type           Power        Failure   Level  Hunger
 Magic Dart               Conj           ###.         1%          1    None
 Dazzling Spray           Conj/Hex       ####..       1%          3    ###....
 Searing Ray              Conj           ###...       2%          2    ##.....
 Fulminant Prism          Conj/Hex       ####......   3%          4    ####...
 Force Lance              Conj/Tloc      ###.....     14%         4    ####...
 Iskenderun's Mystic Bla  Conj           ###.....     14%         4    ####...

Inventory:

Hand Weapons
 a - a +1 dagger (weapon)
Missiles
 g - 119 stones (quivered)
Armour
 b - a +1 robe (worn)
Magical Staves
 r - an uncursed staff of wizardry {!a}
Jewellery
 o - an uncursed ring of ice
Wands
 q - a wand of enslavement (13)
Scrolls
 c - 2 scrolls of amnesia
 d - a scroll of enchant armour
 e - 9 scrolls of remove curse
 k - 7 scrolls of identify {@r1}
 p - 3 scrolls of teleportation {@r4}
 t - a scroll of immolation {unknown}
Potions
 f - 4 potions of lignification {!q}
 h - a potion of heal wounds {unknown}
 i - 3 potions of flight {unknown}
 l - a potion of mutation {!q}
 s - a potion of degeneration {!q}

Dungeon Overview and Level Annotations

Branches:
Dungeon (6/15)             Temple (1/1) D:4

Altars:
Ashenzari
Cheibriados
Elyvilon
Gozag
Hepliaklqana
Kikubaaqudgha
Makhleb
Nemelex Xobeh
Okawaru
Qazlal
Ru
Sif Muna
Trog
Vehumet
Wu Jian
Xom
Yredelemnul
Zin
The Shining One

Annotations:
D:3 Jessica
D:6 Dowan, Duvessa

#############.>....
#...........#......
#...........#......
#...........#......
######.##..##......
#...##(##..######..
#..........(....#..
#.....oo(...(...#..
#....o..........#..
###(##############..
#..i...# . #.......
#......# .. #.......
#......# ...#.......
#......# ...'.......
#......# ...#.......
#.....z######.......
######.........#'###
#.........#....
#.........'....
#.........#....
#..((.....#....


You could see a wight (wandering).


Message History

You feel extremely strange.
You feel resistant to poisons.
You feel genetically stable.
* * * LOW HITPOINT WARNING * * *
You feel sick.
It was a potion of degeneration.
There was something very wrong with that liquid.
You feel weakened.
You feel dopey.
You feel clumsy.
* * * LOW HITPOINT WARNING * * *
You feel sick. The orc warrior completely misses you.
It was a potion of might.
You feel very mighty all of a sudden. The orc warrior barely misses you.
It was a potion of curing.
The orc closely misses you. The orc warrior completely misses you.
The orc throws a poisoned dart.
The poisoned dart hits you!
You see here a poisoned dart.
The orc closely misses you.
The orc throws a poisoned dart.
The poisoned dart barely misses you.
The orc throws a poisoned dart.
The poisoned dart barely misses you.
There is an open door here.
You see here a poisoned dart.
Are you sure you want to abandon this character and quit the game? (Confirm with "yes".)

Action                   |  1- 3 |  4- 6 |  7- 9 || total
-------------------------+-------+-------+-------++-------
Melee: Dagger            |   122 |   208 |   186 ||   516
Throw: Stone             |       |     1 |       ||     1
 Cast: Corona            |     1 |     2 |       ||     3
       Ensorcelled Hiber |       |    45 |    14 ||    59
       Confuse           |       |     8 |     8 ||    16
  Use: Scroll            |     2 |     4 |     2 ||     8
       Potion            |       |       |     5 ||     5
 Stab: Sleeping          |    11 |    22 |    15 ||    48
       Confused          |       |     5 |     6 ||    11
       Distracted        |       |     1 |     3 ||     4
  Eat: Ration            |       |     3 |     2 ||     5
Armor: Robe              |    10 |    18 |     7 ||    35
Dodge: Dodged            |    77 |   188 |   113 ||   378

Levels and vault maps discovered:
D:1:      onia_arrival_larder, layout_basic
D:2:      layout_basic, old_standard_altar, serial_forest,
          infiniplex_forest_clump_cross, infiniplex_forest_lined_room_,
          infiniplex_forest_straight_2, infiniplex_forest_straight_3,
          infiniplex_forest_lined_4_way, infiniplex_forest_straight_3,
          infiniplex_forest_clump_curved, infiniplex_forest_straight_3,
          infiniplex_forest_end_2, first_ration, minivault_24, uniq_terence
D:3:      layout_rooms, old_standard_altar, nemelex_spade_bored_becter,
          uniq_jessica
D:4:      layout_cave_pools, minmay_temple_entry_overgrown
D:5:      layout_basic, lemuel_crystal_altar,
          chequers_temple_overflow_statue_of_worship, nrook_mini_backslash
D:6:      layout_gridville, kennysheep_mini, uniq_duvessa
Temple:   nicolae_temple_x_marks_the_god

Notes
Turn   | Place    | Note
-------+----------+-------------------------------------------
     0 | D:1      | Acrod the Spriggan Enchanter began the quest for the Orb.
     0 | D:1      | Reached XP level 1. HP: 9/9 MP: 5/5
   125 | D:1      | Reached XP level 2. HP: 12/13 MP: 6/6
   130 | D:1      | Reached skill level 5 in Stealth
   263 | D:1      | Reached skill level 2 in Short Blades
   414 | D:1      | Learned a level 2 spell: Ensorcelled Hibernation
   734 | D:1      | Reached XP level 3. HP: 16/16 MP: 8/8
  1141 | D:2      | Found an opulent altar of Gozag.
  1305 | D:2      | Noticed Terence
  1308 | D:2      | Killed Terence
  1308 | D:2      | Reached skill level 3 in Short Blades
  1308 | D:2      | Reached skill level 6 in Stealth
  1308 | D:2      | Reached XP level 4. HP: 21/21 MP: 9/9
  1345 | D:2      | Learned a level 3 spell: Confuse
  2170 | D:3      | Noticed Jessica
  2624 | D:3      | Found a sparkling altar of Nemelex Xobeh.
  2811 | D:3      | Found a deep blue altar of Sif Muna.
  3113 | D:3      | Killed Jessica
  3113 | D:3      | Reached skill level 7 in Stealth
  3113 | D:3      | Reached XP level 5. HP: 16/24 MP: 6/10
  3258 | D:3      | Reached skill level 4 in Short Blades
  3285 | D:4      | Noticed a centaur
  3285 | D:4      | Noticed an ogre
  3293 | D:3      | Killed a centaur
  3505 | D:4      | Found a staircase to the Ecumenical Temple.
  3747 | D:3      | Reached skill level 8 in Stealth
  3747 | D:3      | Reached XP level 6. HP: 28/28 MP: 8/11
  4157 | D:3      | Reached skill level 5 in Short Blades
  4742 | D:4      | Reached skill level 6 in Short Blades
  5291 | D:4      | Upgraded the game from 0.24-a0-415-g6d73c25c48 to
                  | 0.24-a0-416-g56ce5178b7
  5375 | D:3      | Reached skill level 3 in Spellcasting
  5466 | D:3      | Reached XP level 7. HP: 17/32 MP: 3/13
  5796 | D:4      | Reached skill level 4 in Spellcasting
  5807 | D:4      | Reached skill level 4 in Hexes
  6298 | Temple   | Entered the Ecumenical Temple
  6327 | Temple   | Became a worshipper of Kikubaaqudgha
  6344 | D:5      | Entered Level 5 of the Dungeon
  6549 | D:5      | Found a sparkling altar of Nemelex Xobeh.
  6554 | D:5      | Learned a level 3 spell: Tukima's Dance
  6667 | D:4      | Reached skill level 5 in Hexes
  7061 | D:5      | Reached skill level 6 in Hexes
  7467 | D:5      | Found an iron altar of Okawaru.
  7469 | D:5      | Found a shattered altar of Ashenzari.
  7594 | D:5      | Reached skill level 7 in Hexes
  7594 | D:5      | Reached XP level 8. HP: 36/36 MP: 15/15
  8492 | D:6      | Noticed Duvessa
  8492 | D:6      | Noticed Dowan
  8911 | D:6      | Upgraded the game from 0.24-a0-416-g56ce5178b7 to
                  | 0.24-a0-434-gd57e52fea8
  8917 | D:6      | HP: 3/36 [poisoned by an orc]
  8919 | D:6      | Gained mutation: Your system is resistant to poisons.
                  | (rPois) [potion of mutation]
  8919 | D:6      | Gained mutation: You are somewhat resistant to further
                  | mutation. [potion of mutation]
  8920 | D:6      | HP: 1/36 [poisoned by an orc]
  8935 | D:6      | Quit the game

Vanquished Creatures
  2 ice beasts
  A sky beast (D:5)
  A centaur (D:3)
  An ogre (D:3)
  6 hounds
  An orc priest (D:4)
  A bullfrog zombie (D:6)
  Terence (D:2)
  Jessica (D:3)
  An iguana (D:6)
  4 orc wizards
  A worker ant (D:3)
  4 gnolls
  10 adders
  A shadow imp (D:6)
  An ooze (D:1)
  An adder zombie (D:5)
  A worm (D:3)
  3 dart slugs
  13 orcs
  4 giant cockroaches
  9 goblins
  4 hobgoblins
  3 jackals
  2 quokkas
  A ball python (D:4)
  7 bats
  11 frilled lizards
  7 kobolds
  9 rats
112 creatures vanquished.
